[Event "TUR-chT Superleague 2018"]
[Site "Ankara"]
[Date "2018.07.27"]
[Round "3"]
[White "Ozcan, Kaan"]
[Black "Sari, Yasin"]
[Result "0-1"]
[ECO "A41"]
[WhiteElo "1523"]
[BlackElo "2330"]
[Annotator "NA"]
[PlyCount "134"]
[EventDate "2018.07.25"]
[EventType "team-tourn"]
[EventCountry "TUR"]
[SourceTitle "playchess.com"]
[Source "ChessBase"]
[SourceQuality "1"]
[TimeControl "40/5400+30:1800+30"]

1. d4 d6 2. c4 e5 3. dxe5 dxe5 4. Qxd8+ Kxd8 5. Nc3 Be6 6. e3 Bb4 7. Bd2 Nd7 8. O-O-O c6 9. Nf3 f6 10. Ne4 Be7 11. Bc3 Kc7 12. Be2 Nh6 13. h3 Nf7 14. Rhg1 a5 15. g4 Nb6 16. Ned2 Na4 17. Kc2 Nxc3 18. Kxc3 a4 19. Ne4 b5 20. cxb5 cxb5 21. Bxb5 Rhb8 22. Bd3 Bxa2 23. Rc1 Bb4+ 24. Kc2 Kb6 25. Kd1 Rd8 26. Ke2 Rac8 27. Nfd2 Be6 28. Nc4+ Kb7 29. Ncd2 Be7 30. Rxc8 Rxc8 31. Ra1 Bd7 32. Bc4 Nd6 33. Bd5+ Kb8 34. Nxd6 Bxd6 35. Be4 g6 36. Kd1 f5 37. gxf5 gxf5 38. Bc2 Rg8 39. Ke2 Bb5+ 40. Bd3 Bd7 41. Bc2 f4 42. exf4 exf4 43. Bxh7 Bb5+ 44. Bd3 Re8+ 45. Kd1 Bxd3 46. Rxa4 f3 47. Rd4 Be2+ 48. Kc2 Rc8+ 49. Kb3 Rc6 50. Re4 Kb7 51. Nc4 Bc7 52. Nd2 Bd1+ 53. Ka2 Rc2 54. Rb4+ Ka6 55. Ne4 Bb6 56. Rb3 Be2 57. Ra3+ Kb7 58. Ng5 Bc4+ 59. Kb1 Rxf2 60. Rxf3 Rg2 61. h4 Bd4 62. b3 Be2 63. Rf7+ Kb6 64. Re7 Bd3+ 65. Kc1 Bc3 66. Nf3 Ra2 67. Re6+ Kc7 0-1

[Event "TUR-chT Superleague 2018"]
[Site "Ankara"]
[Date "2018.07.27"]
[Round "3"]
[White "Onbasi, Irem"]
[Black "Ozbay, Ece"]
[Result "0-1"]
[ECO "D13"]
[WhiteElo "1427"]
[BlackElo "2140"]
[Annotator "NA"]
[PlyCount "66"]
[EventDate "2018.07.25"]
[EventType "team-tourn"]
[EventCountry "TUR"]
[SourceTitle "playchess.com"]
[Source "ChessBase"]
[SourceQuality "1"]
[TimeControl "40/5400+30:1800+30"]

1. d4 d5 2. c4 c6 3. cxd5 cxd5 4. Nc3 Nf6 5. Nf3 Nc6 6. Bf4 e6 7. e3 Bd6 8. Ne5 a6 9. Nxc6 bxc6 10. Bg3 O-O 11. Bd3 c5 12. dxc5 Bxc5 13. Qc2 Bb7 14. Rd1 Rc8 15. O-O h6 16. Qe2 Rc6 17. e4 Qa8 18. exd5 exd5 19. Bf5 Re8 20. Qd3 Ba7 21. Rfe1 Rb6 22. Rxe8+ Qxe8 23. b3 g6 24. Bh3 Rb4 25. Bd6 Rd4 26. Qf3 Rxd1+ 27. Qxd1 d4 28. Ne2 Ne4 29. Bg3 Nc3 30. Nxc3 dxc3 31. Bf4 c2 32. Qc1 Qe2 33. Bd2 Qd1+ 0-1

[Event "TUR-chT Superleague 2018"]
[Site "Ankara"]
[Date "2018.07.28"]
[Round "4"]
[White "Rakhmanov, Aleksandr"]
[Black "Goganov, Alexey"]
[Result "1-0"]
[ECO "E51"]
[WhiteElo "2627"]
[BlackElo "2586"]
[Annotator "RC"]
[PlyCount "93"]
[EventDate "2018.07.25"]
[EventType "team-tourn"]
[EventCountry "TUR"]
[SourceTitle "playchess.com"]
[Source "ChessBase"]
[SourceQuality "1"]
[TimeControl "40/5400+30:1800+30"]

1. d4 Nf6 2. c4 e6 3. Nc3 Bb4 4. e3 O-O 5. Nf3 d5 6. Bd2 c5 7. a3 Bxc3 8. Bxc3 cxd4 9. Nxd4 Ne4 10. Rc1 Nxc3 11. Rxc3 dxc4 12. Bxc4 Bd7 13. O-O Nc6 14. Nf3 Qe7 15. Qc2 Rfd8 16. Bd3 h6 17. Rc1 Qf6 18. Bh7+ Kh8 19. Be4 Be8 20. Rc5 Rd6 21. b4 Rad8 22. h3 Kg8 23. Kh2 a6 24. Qe2 g6 25. Qc2 Kg7 26. Qb1 Rb8 27. h4 Rbd8 28. g4 Qe7 29. g5 h5 30. Kg2 Kg8 31. a4 Nb8 32. b5 axb5 33. axb5 b6 34. Rc7 R6d7 35. R7c3 Ra7 36. Ne5 Ra5 37. Rc7 Qd6 38. Nxf7 Bxf7 39. Bxg6 Nd7 40. Bxf7+ Kxf7 41. Rd1 Qxc7 42. Qh7+ Ke8 43. Qxh5+ Ke7 44. Qh7+ Ke8 45. g6 Qb7+ 46. Kg3 Qb8+ 47. Kh3 1-0

[Event "TUR-chT Superleague 2018"]
[Site "Ankara"]
[Date "2018.07.28"]
[Round "4"]
[White "Mchedlishvili, Mikheil"]
[Black "Erturan, Yakup"]
[Result "1/2-1/2"]
[ECO "A38"]
[WhiteElo "2608"]
[BlackElo "2378"]
[Annotator "ChessBase"]
[PlyCount "134"]
[EventDate "2018.07.25"]
[EventType "team-tourn"]
[EventCountry "TUR"]
[SourceTitle "playchess.com"]
[Source "ChessBase"]
[SourceQuality "1"]
[TimeControl "40/5400+30:1800+30"]

1. c4 c5 2. Nf3 Nc6 3. Nc3 Nf6 4. g3 g6 5. d4 cxd4 6. Nxd4 d6 7. Bg2 Bd7 8. O-O Bg7 9. Nc2 O-O 10. b3 a6 11. a4 Rb8 12. Bd2 Qc8 13. Re1 Bh3 14. Bh1 Nd7 15. Rb1 Re8 16. Nd5 Nc5 17. a5 Bf5 18. Nb6 Qe6 19. e4 Bg4 20. f3 Bh3 21. Re3 Nd4 22. Bc3 Nxc2 23. Qxc2 Bxc3 24. Qxc3 Qe5 25. Qxe5 dxe5 26. b4 Nd7 27. Rd3 Nxb6 28. axb6 Be6 29. c5 Rec8 30. Rc1 Ra8 31. Ra3 Bd7 32. Bg2 Bc6 33. Rd1 Rd8 34. Rad3 Rdc8 35. Ra3 Rd8 36. Rad3 Rdc8 37. Bh3 e6 38. Ra3 Rd8 39. Rad3 Rdc8 40. Ra1 Rd8 41. Rdd1 Kf8 42. Bf1 Rxd1 43. Rxd1 Ke7 44. Kf2 Rd8 45. Rxd8 Kxd8 46. Ke3 Bb5 47. Bg2 f6 48. Bh3 Ke7 49. Kd2 Bc6 50. Bf1 Kd7 51. Bc4 Bb5 52. Bb3 Bc6 53. Ke3 Bb5 54. Kd2 Bc6 55. Kc3 Bb5 56. f4 Bc6 57. fxe5 fxe5 58. Bc2 Bb5 59. Bb1 Bc6 60. Bd3 Bb5 61. Bc4 Bc6 62. b5 axb5 63. Bd3 Kd8 64. Kb4 Kc8 65. Ka5 Kd8 66. h4 h6 67. Kb4 Kc8 1/2-1/2

[Event "TUR-chT Superleague 2018"]
[Site "Ankara"]
[Date "2018.07.28"]
[Round "4"]
[White "Can, Emre"]
[Black "Erdogdu, Mert"]
[Result "1-0"]
[ECO "D07"]
[WhiteElo "2605"]
[BlackElo "2411"]
[Annotator "ChessBase"]
[PlyCount "53"]
[EventDate "2018.07.25"]
[EventType "team-tourn"]
[EventCountry "TUR"]
[SourceTitle "playchess.com"]
[Source "ChessBase"]
[SourceQuality "1"]
[TimeControl "40/5400+30:1800+30"]

1. d4 d5 2. Nf3 Nf6 3. c4 dxc4 4. e3 Bg4 5. Bxc4 e6 6. Nc3 Nc6 7. Bb5 Bd6 8. e4 Bb4 9. Qa4 Bxf3 10. Bxc6+ bxc6 11. Qxc6+ Ke7 12. gxf3 Qxd4 13. Qxc7+ Nd7 14. Bg5+ f6 15. Rd1 Bxc3+ 16. bxc3 Rhc8 17. Qg3 Qe5 18. Bf4 Qxc3+ 19. Bd2 Qc4 20. Qxg7+ Ke8 21. Qg8+ Nf8 22. Bh6 Qb4+ 23. Kf1 Rc6 24. Rg1 Rac8 25. Rg7 Qc4+ 26. Kg2 e5 27. Rd5 1-0

[Event "TUR-chT Superleague 2018"]
[Site "Ankara"]
[Date "2018.07.28"]
[Round "4"]
[White "Sanal, Vahap"]
[Black "Yilmaz, Goktan"]
[Result "1-0"]
[ECO "C93"]
[WhiteElo "2515"]
[BlackElo "2233"]
[Annotator "RC"]
[PlyCount "93"]
[EventDate "2018.07.25"]
[EventType "team-tourn"]
[EventCountry "TUR"]
[SourceTitle "playchess.com"]
[Source "ChessBase"]
[SourceQuality "1"]
[TimeControl "40/5400+30:1800+30"]

1. e4 e5 2. Nf3 Nc6 3. Bb5 a6 4. Ba4 Nf6 5. O-O Be7 6. Re1 b5 7. Bb3 d6 8. c3 O-O 9. h3 Bb7 10. d4 h6 11. a3 Re8 12. Nbd2 Bf8 13. Bc2 Nb8 14. b4 Nbd7 15. Bb2 c5 16. bxc5 dxc5 17. dxe5 Nxe5 18. Nxe5 Rxe5 19. c4 Re8 20. Qe2 Nd7 21. cxb5 axb5 22. Qxb5 Rb8 23. Qd3 Ba6 24. Qc3 Ne5 25. Red1 Be2 26. Nc4 Bxd1 27. Rxd1 Qc7 28. Nxe5 Rxb2 29. Qxb2 Qxe5 30. Qxe5 Rxe5 31. Rd8 g5 32. a4 c4 33. Kf1 Kg7 34. Ke2 Bc5 35. g3 Bb6 36. Rb8 Bd4 37. Rc8 Rc5 38. Rd8 Bf6 39. Rd7 Rc6 40. f4 Bc3 41. e5 Kf8 42. Be4 Ra6 43. Bd5 Rxa4 44. Rxf7+ Ke8 45. e6 Ra3 46. Bc6+ Kd8 47. e7+ 1-0

[Event "TUR-chT Superleague 2018"]
[Site "Ankara"]
[Date "2018.07.28"]
[Round "4"]
[White "Triapishko, Aleksandr"]
[Black "Tukhaev, Adam"]
[Result "1/2-1/2"]
[ECO "B07"]
[WhiteElo "2509"]
[BlackElo "2542"]
[Annotator "ChessBase"]
[PlyCount "65"]
[EventDate "2018.07.25"]
[EventType "team-tourn"]
[EventCountry "TUR"]
[SourceTitle "playchess.com"]
[Source "ChessBase"]
[SourceQuality "1"]
[TimeControl "40/5400+30:1800+30"]

1. e4 d6 2. d4 Nf6 3. Nc3 g6 4. Be3 Bg7 5. Qd2 Nc6 6. h3 O-O 7. O-O-O e5 8. dxe5 dxe5 9. Qxd8 Rxd8 10. Rxd8+ Nxd8 11. Nf3 b6 12. Nxe5 Bb7 13. Bd3 Nxe4 14. Bxe4 Bxe4 15. Nxe4 Bxe5 16. Ng5 Nc6 17. Rd1 Rd8 18. c3 Rxd1+ 19. Kxd1 f6 20. Ne4 f5 21. Ng5 Bd6 22. Ke2 h6 23. Nf3 g5 24. h4 g4 25. Ne1 Kg7 26. Nd3 Ne5 27. Bd4 Kf6 28. b4 Ke6 29. Nf4+ Kf7 30. Be3 Ng6 31. Nxg6 Kxg6 32. f4 h5 33. g3 1/2-1/2

[Event "TUR-chT Superleague 2018"]
[Site "Ankara"]
[Date "2018.07.28"]
[Round "4"]
[White "Yilmazyerli, Mert"]
[Black "Selbes, Tarik"]
[Result "1-0"]
[ECO "E63"]
[WhiteElo "2491"]
[BlackElo "2281"]
[Annotator "ChessBase"]
[PlyCount "59"]
[EventDate "2018.07.25"]
[EventType "team-tourn"]
[EventCountry "TUR"]
[SourceTitle "playchess.com"]
[Source "ChessBase"]
[SourceQuality "1"]
[TimeControl "40/5400+30:1800+30"]

1. d4 Nf6 2. Nf3 g6 3. g3 Bg7 4. Bg2 O-O 5. O-O d6 6. c4 Nc6 7. Nc3 a6 8. Bf4 Rb8 9. Rc1 h6 10. b3 Re8 11. d5 e5 12. dxc6 exf4 13. cxb7 Bxb7 14. gxf4 Ne4 15. Nxe4 Bxe4 16. Qd2 Qf6 17. e3 g5 18. fxg5 hxg5 19. Nd4 Bxg2 20. Kxg2 g4 21. Rg1 Re4 22. Kh1 Rbe8 23. Rg2 R8e5 24. Rcg1 Rh5 25. f4 gxf3 26. Rxg7+ Kf8 27. Rg8+ Ke7 28. R8g3 f2 29. Rf1 Qh4 30. Qxf2 1-0

[Event "TUR-chT Superleague 2018"]
[Site "Ankara"]
[Date "2018.07.28"]
[Round "4"]
[White "Asadli, Vugar"]
[Black "Kevlishvili, Robby"]
[Result "0-1"]
[ECO "B90"]
[WhiteElo "2478"]
[BlackElo "2502"]
[Annotator "ChessBase"]
[PlyCount "66"]
[EventDate "2018.07.25"]
[EventType "team-tourn"]
[EventCountry "TUR"]
[SourceTitle "playchess.com"]
[Source "ChessBase"]
[SourceQuality "1"]
[TimeControl "40/5400+30:1800+30"]

1. e4 c5 2. Nf3 d6 3. d4 cxd4 4. Nxd4 Nf6 5. Nc3 a6 6. h3 g6 7. g4 Bg7 8. Bg2 h5 9. g5 Nfd7 10. a4 Nc6 11. Nde2 Rb8 12. f4 O-O 13. O-O b5 14. axb5 axb5 15. f5 Nce5 16. Nf4 Nb6 17. Nce2 Kh7 18. Nd4 Rh8 19. b3 Bd7 20. Be3 Qc7 21. Ra6 Qb7 22. fxg6+ fxg6 23. Nxg6 Kxg6 24. Nf5 Nc8 25. Nxe7+ Nxe7 26. Qxd6+ Kh7 27. Rf6 Bxf6 28. gxf6 N7g6 29. f7 Rbd8 30. Qf6 Rhf8 31. Qg5 Rxf7 32. Qxh5+ Kg8 33. Rb6 Qc7 0-1

[Event "TUR-chT Superleague 2018"]
[Site "Ankara"]
[Date "2018.07.28"]
[Round "4"]
[White "Mammadzada, Gunay"]
[Black "Badelka, Olga"]
[Result "1-0"]
[ECO "B32"]
[WhiteElo "2426"]
[BlackElo "2407"]
[Annotator "NA"]
[PlyCount "155"]
[EventDate "2018.07.25"]
[EventType "team-tourn"]
[EventCountry "TUR"]
[SourceTitle "playchess.com"]
[Source "ChessBase"]
[SourceQuality "1"]
[TimeControl "40/5400+30:1800+30"]

1. e4 c5 2. Nf3 Nc6 3. d4 cxd4 4. Nxd4 e5 5. Nb5 d6 6. c4 Be7 7. N1c3 a6 8. Na3 f5 9. exf5 Bxf5 10. Bd3 Be6 11. O-O Nf6 12. Bg5 O-O 13. Nc2 Ng4 14. Bd2 Bg5 15. Ne4 Bxd2 16. Qxd2 Bf5 17. f3 Bxe4 18. Bxe4 Nf6 19. b3 Qb6+ 20. Kh1 Rad8 21. Rad1 g6 22. Rfe1 Kg7 23. Re2 Ne7 24. Qe1 Qc7 25. Bd3 Nc6 26. Rc1 Qb6 27. Ne3 Nd4 28. Rd2 Qa5 29. Nc2 Nc6 30. Rcd1 d5 31. cxd5 Rxd5 32. Ne3 Rd4 33. Nc4 Qd5 34. Be4 Nxe4 35. Rxd4 exd4 36. fxe4 Qe6 37. h3 b5 38. Nd2 Ne5 39. Nf1 Qf6 40. Nh2 Rd8 41. Qf1 d3 42. Kg1 Qc6 43. Qf4 Qc5+ 44. Qf2 Qc2 45. Rf1 Qxf2+ 46. Kxf2 Rc8 47. Ke3 Rc2 48. Rf2 Nc6 49. Rd2 Kf6 50. Nf3 Rc3 51. Ne1 Nb4 52. Nxd3 Nxd3 53. Rxd3 Rc6 54. h4 Ke6 55. g3 Rc2 56. a3 Ke5 57. Rd5+ Ke6 58. Rd2 Rc1 59. Rd3 Ke5 60. Rd5+ Ke6 61. a4 Rb1 62. Rd3 bxa4 63. bxa4 Ra1 64. Rd4 h6 65. Kf4 Rf1+ 66. Kg4 Ra1 67. Rb4 Ke5 68. Rb6 h5+ 69. Kg5 Rxa4 70. Rxg6 Rxe4 71. Kxh5 Ra4 72. g4 Kf4 73. Rc6 a5 74. g5 Ra1 75. g6 Kf5 76. Kh6 a4 77. g7 Rg1 78. Kh7 1-0

[Event "TUR-chT Superleague 2018"]
[Site "Ankara"]
[Date "2018.07.28"]
[Round "4"]
[White "Nechaeva, Marina"]
[Black "Unuk, Laura"]
[Result "1/2-1/2"]
[ECO "E35"]
[WhiteElo "2410"]
[BlackElo "2355"]
[Annotator "NA RC"]
[PlyCount "115"]
[EventDate "2018.07.25"]
[EventType "team-tourn"]
[EventCountry "TUR"]
[SourceTitle "playchess.com"]
[Source "ChessBase"]
[SourceQuality "1"]
[TimeControl "40/5400+30:1800+30"]

1. d4 Nf6 2. c4 e6 3. Nc3 Bb4 4. Qc2 d5 5. cxd5 exd5 6. Bg5 h6 7. Bh4 O-O 8. e3 Be6 9. a3 Be7 10. Bd3 c5 11. Nf3 Nc6 12. dxc5 d4 13. Bxf6 Bxf6 14. Ne4 dxe3 15. Nxf6+ Qxf6 16. fxe3 Ne5 17. O-O Nxd3 18. Qxd3 Rad8 19. Nd4 Qe5 20. b4 Bd5 21. Rad1 Be4 22. Qe2 Rde8 23. Qf2 f5 24. Nb5 Re6 25. Rd6 Rff6 26. Rxe6 Qxe6 27. Nd6 Bc6 28. Qd2 b6 29. Rf2 bxc5 30. bxc5 Kh8 31. Qd3 Qe5 32. Qd4 Qe6 33. h3 Qb3 34. Qe5 Re6 35. Qxf5 Qxe3 36. Qf8+ Kh7 37. Nf5 Qc1+ 38. Kh2 Qc3 39. Nh4 Qe5+ 40. Kg1 Qe1+ 41. Kh2 Qe5+ 42. Kg1 Be4 43. Nf5 Rg6 44. Nd6 Bxg2 45. Qh8+ Kxh8 46. Nf7+ Kg8 47. Nxe5 Re6 48. Kxg2 Rxe5 49. Rc2 Re7 50. Kf3 Kf7 51. Rc4 Rc7 52. Ke4 Ke6 53. h4 g5 54. hxg5 hxg5 55. Ra4 Rxc5 56. Ra6+ Kd7 57. Rxa7+ Kc6 58. Rg7 1/2-1/2

[Event "TUR-chT Superleague 2018"]
[Site "Ankara"]
[Date "2018.07.28"]
[Round "4"]
[White "Soysal, Serkan"]
[Black "Tofan, Ibrahim"]
[Result "1-0"]
[ECO "D40"]
[WhiteElo "2406"]
[BlackElo "2169"]
[Annotator "NA"]
[PlyCount "115"]
[EventDate "2018.07.25"]
[EventType "team-tourn"]
[EventCountry "TUR"]
[SourceTitle "playchess.com"]
[Source "ChessBase"]
[SourceQuality "1"]
[TimeControl "40/5400+30:1800+30"]

1. Nf3 Nf6 2. c4 c5 3. Nc3 Nc6 4. e3 e6 5. d4 d5 6. a3 dxc4 7. Bxc4 a6 8. O-O Be7 9. dxc5 Qxd1 10. Rxd1 Bxc5 11. b4 Be7 12. Bb2 O-O 13. Be2 b5 14. Nd2 Bb7 15. Nb3 Rac8 16. Rac1 Rfd8 17. Rxd8+ Nxd8 18. Na5 Ba8 19. Na2 Rxc1+ 20. Nxc1 Nd7 21. Nd3 f6 22. Bc3 Bd5 23. f3 e5 24. e4 Be6 25. Nb2 Nb8 26. Bd2 Bd6 27. Nd3 Bc7 28. Nc5 Bb6 29. Kf1 Bxc5 30. bxc5 Nbc6 31. Kf2 Nxa5 32. Bxa5 Nc6 33. Bc3 Kf7 34. Ke3 Bb3 35. f4 Ke7 36. g3 Ba4 37. h4 h6 38. g4 Bc2 39. g5 Bb3 40. gxh6 gxh6 41. h5 Bc2 42. fxe5 fxe5 43. Be1 Nd4 44. Bh4+ Kf7 45. Bg4 Bb3 46. Bc8 a5 47. Bb7 b4 48. axb4 a4 49. c6 Nb5 50. Kd2 a3 51. Kc1 a2 52. Kb2 Nd4 53. c7 Nc2 54. c8=Q a1=Q+ 55. Kxb3 Nd4+ 56. Kc4 Qa2+ 57. Kc5 Nb3+ 58. Kb6 1-0

[Event "TUR-chT Superleague 2018"]
[Site "Ankara"]
[Date "2018.07.28"]
[Round "4"]
[White "Yurtseven, Melih"]
[Black "Dastan, Muhammed Batuhan"]
[Result "0-1"]
[ECO "A07"]
[WhiteElo "2404"]
[BlackElo "2552"]
[Annotator "ChessBase"]
[PlyCount "80"]
[EventDate "2018.07.25"]
[EventType "team-tourn"]
[EventCountry "TUR"]
[SourceTitle "playchess.com"]
[Source "ChessBase"]
[SourceQuality "1"]
[TimeControl "40/5400+30:1800+30"]

1. Nf3 d5 2. g3 c6 3. Bg2 Bg4 4. Ne5 Bf5 5. c4 e6 6. cxd5 exd5 7. d4 Nf6 8. Nc3 Nbd7 9. O-O Be7 10. Nxd7 Qxd7 11. Bg5 h5 12. Re1 Ne4 13. Nxe4 Bxe4 14. Bxe4 dxe4 15. Bxe7 Qxe7 16. e3 O-O-O 17. b4 Rd5 18. Qa4 Kb8 19. Rac1 h4 20. Rc5 hxg3 21. fxg3 Rdh5 22. Rxh5 Rxh5 23. a3 Qe6 24. Qc2 Rb5 25. Rf1 f5 26. Qf2 a5 27. Kg2 Qb3 28. Ra1 Ka7 29. Kh3 g5 30. a4 g4+ 31. Kh4 Qe6 32. Qf4 Rd5 33. Rf1 axb4 34. h3 Qf6+ 35. Qg5 Qh8+ 36. Qh5 Qf6+ 37. Qg5 Qh8+ 38. Qh5 Qxh5+ 39. Kxh5 gxh3 40. Kh4 Kb6 0-1

[Event "TUR-chT Superleague 2018"]
[Site "Ankara"]
[Date "2018.07.28"]
[Round "4"]
[White "Can, Isik"]
[Black "Shevchenko, Kirill"]
[Result "0-1"]
[ECO "B94"]
[WhiteElo "2385"]
[BlackElo "2554"]
[Annotator "ChessBase"]
[PlyCount "102"]
[EventDate "2018.07.25"]
[EventType "team-tourn"]
[EventCountry "TUR"]
[SourceTitle "playchess.com"]
[Source "ChessBase"]
[SourceQuality "1"]
[TimeControl "40/5400+30:1800+30"]

1. e4 c5 2. Nf3 d6 3. d4 cxd4 4. Nxd4 Nf6 5. Nc3 a6 6. Bg5 Nbd7 7. Qe2 h6 8. Bh4 g6 9. f4 e5 10. fxe5 dxe5 11. O-O-O Qc7 12. Nb3 b5 13. Qf3 Bg7 14. Bd3 O-O 15. Rhf1 Bb7 16. a3 Rac8 17. Be1 Nb6 18. Kb1 Nc4 19. g4 Rfd8 20. h4 h5 21. gxh5 Nxh5 22. Nc5 Nf4 23. Nxb7 Qxb7 24. Bxc4 Rxd1+ 25. Qxd1 Rxc4 26. Qd8+ Kh7 27. h5 gxh5 28. Rg1 Qc6 29. Qh4 Rd4 30. Bg3 Qh6 31. Bxf4 exf4 32. Qh3 Rd6 33. Nd5 Rg6 34. Qf5 f3 35. Rf1 Qg5 36. Qxf7 Qe5 37. Nc3 Rf6 38. Qa7 Qg3 39. Rg1 h4 40. Nd5 Rg6 41. Rh1 f2 42. Ka2 h3 43. Qd7 h2 44. Ne7 Qe5 45. c3 Rh6 46. Nf5 f1=Q 47. Rxf1 h1=Q 48. Nxg7 Qxf1 49. Nf5+ Kg6 50. Qc6+ Qf6 51. Qe8+ Qf7+ 0-1

[Event "TUR-chT Superleague 2018"]
[Site "Ankara"]
[Date "2018.07.28"]
[Round "4"]
[White "Kerigan, Demre"]
[Black "Zeydan, Salih"]
[Result "0-1"]
[ECO "A07"]
[WhiteElo "2366"]
[BlackElo "2061"]
[Annotator "NA"]
[PlyCount "60"]
[EventDate "2018.07.25"]
[EventType "team-tourn"]
[EventCountry "TUR"]
[SourceTitle "playchess.com"]
[Source "ChessBase"]
[SourceQuality "1"]
[TimeControl "40/5400+30:1800+30"]

1. g3 d5 2. Bg2 Nf6 3. d3 g6 4. Nf3 Bg7 5. O-O O-O 6. c3 Nc6 7. Qc2 e5 8. e4 h6 9. b4 a6 10. Bb2 Be6 11. Nbd2 dxe4 12. dxe4 Nd7 13. a3 Qe7 14. Rfe1 Nb6 15. c4 a5 16. c5 axb4 17. cxb6 bxa3 18. Bc1 cxb6 19. Nb1 a2 20. Nc3 Nd4 21. Qb2 Rfc8 22. Be3 Qa3 23. Qxa3 Rxa3 24. Bxd4 exd4 25. Nb5 Rxf3 26. Bxf3 d3 27. Rad1 Bb2 28. Kg2 Rc2 29. Ra1 d2 30. Red1 Bxa1 0-1

[Event "TUR-chT Superleague 2018"]
[Site "Ankara"]
[Date "2018.07.28"]
[Round "4"]
[White "Soylu, Suat"]
[Black "Solak, Dragan"]
[Result "0-1"]
[ECO "C41"]
[WhiteElo "2339"]
[BlackElo "2603"]
[Annotator "ChessBase"]
[PlyCount "78"]
[EventDate "2018.07.25"]
[EventType "team-tourn"]
[EventCountry "TUR"]
[SourceTitle "playchess.com"]
[Source "ChessBase"]
[SourceQuality "1"]
[TimeControl "40/5400+30:1800+30"]

1. e4 d6 2. d4 Nf6 3. Nc3 e5 4. Nf3 Nbd7 5. Bc4 exd4 6. Qxd4 Be7 7. O-O O-O 8. a3 Nb6 9. Ba2 Bg4 10. Qd3 Nfd7 11. Nd4 Ne5 12. Qe3 Nbc4 13. Qf4 Qd7 14. Qg3 c5 15. Nf5 Bxf5 16. exf5 Nb6 17. Bh6 Bf6 18. f4 Ng6 19. fxg6 gxh6 20. gxf7+ Kh8 21. Rad1 c4 22. Ne4 Qxf7 23. Nxd6 Qh5 24. f5 Rad8 25. c3 Rd7 26. Qe3 Nc8 27. Qe6 Re7 28. Qxc4 Nxd6 29. Qd3 Nf7 30. Qf3 Qxf3 31. Rxf3 h5 32. Rfd3 Rfe8 33. Rd7 Kg7 34. Kf1 Rxd7 35. Rxd7 Re7 36. Rd1 h4 37. a4 Be5 38. Re1 Kf6 39. h3 Nd6 0-1

[Event "TUR-chT Superleague 2018"]
[Site "Ankara"]
[Date "2018.07.28"]
[Round "4"]
[White "Buksa, Nataliya"]
[Black "Aydin, Gulenay"]
[Result "1-0"]
[ECO "B75"]
[WhiteElo "2337"]
[BlackElo "1732"]
[Annotator "NA"]
[PlyCount "103"]
[EventDate "2018.07.25"]
[EventType "team-tourn"]
[EventCountry "TUR"]
[SourceTitle "playchess.com"]
[Source "ChessBase"]
[SourceQuality "1"]
[TimeControl "40/5400+30:1800+30"]

1. e4 c5 2. Nf3 d6 3. d4 cxd4 4. Nxd4 Nf6 5. Nc3 g6 6. Be3 Bg7 7. f3 a6 8. Qd2 h5 9. Be2 Nbd7 10. O-O O-O 11. Nd5 e5 12. Nb3 Nxd5 13. Qxd5 Nf6 14. Qd2 Qc7 15. c4 Be6 16. Rfd1 Rfd8 17. Rac1 b6 18. Na1 Bf8 19. Nc2 a5 20. Na3 Rac8 21. Nb5 Qb8 22. Bg5 Be7 23. b3 Rd7 24. Nc3 Rdc7 25. Qe1 Ne8 26. Be3 Nf6 27. Nb5 Rc6 28. Bg5 Re8 29. Rd3 Nd7 30. Bxe7 Rxe7 31. Rcd1 Nc5 32. Rxd6 Rxd6 33. Rxd6 Rd7 34. Qd1 Rxd6 35. Nxd6 Qd8 36. g3 Qd7 37. Nb5 Qxd1+ 38. Bxd1 Bd7 39. Nc3 Bc6 40. Kf2 Kf8 41. Ke3 Ke7 42. a3 Kd6 43. f4 f6 44. b4 axb4 45. axb4 Ne6 46. Nd5 Bxd5 47. exd5 Nd4 48. Ke4 Nf5 49. fxe5+ fxe5 50. Bxh5 Ne7 51. Bg4 Ng8 52. c5+ 1-0

[Event "TUR-chT Superleague 2018"]
[Site "Ankara"]
[Date "2018.07.28"]
[Round "4"]
[White "Balajayeva, Khanim"]
[Black "Can, Isil"]
[Result "1-0"]
[ECO "C50"]
[WhiteElo "2332"]
[BlackElo "1862"]
[Annotator "NA"]
[PlyCount "115"]
[EventDate "2018.07.25"]
[EventType "team-tourn"]
[EventCountry "TUR"]
[SourceTitle "playchess.com"]
[Source "ChessBase"]
[SourceQuality "1"]
[TimeControl "40/5400+30:1800+30"]

1. e4 e5 2. Nf3 Nc6 3. Bc4 Bc5 4. Nc3 Nf6 5. d3 d6 6. Bg5 h6 7. Bxf6 Qxf6 8. Nd5 Qd8 9. c3 O-O 10. b4 Bb6 11. a4 a5 12. Nxb6 cxb6 13. bxa5 bxa5 14. O-O Ne7 15. Nd2 Ng6 16. g3 Bh3 17. Re1 Qg5 18. Rb1 Rab8 19. Rb6 Nh4 20. Nf3 Qd8 21. Rb2 Ng6 22. Nd2 b6 23. Qh5 Qd7 24. Qxg6 Kh8 25. Qh5 Bg4 26. Qh4 Kh7 27. f3 f5 28. exf5 Bxf5 29. g4 g5 30. Qg3 Bg6 31. d4 Qc7 32. dxe5 d5 33. Bb5 Qxc3 34. Ra2 Bd3 35. Bxd3+ Qxd3 36. e6 Rf4 37. Qf2 Re8 38. Qxb6 d4 39. Qb1 Qxb1 40. Nxb1 Rxf3 41. Rae2 Rb3 42. e7 d3 43. Re3 Rb4 44. Re4 Rb2 45. Rd4 Rb7 46. Rxd3 Rexe7 47. Rxe7+ Rxe7 48. Nd2 Re1+ 49. Kf2 Ra1 50. Rd4 h5 51. gxh5 Kh6 52. Nf3 Kxh5 53. Kg3 Ra3 54. Rg4 Kh6 55. h3 Rb3 56. Rxg5 Rxf3+ 57. Kxf3 Kxg5 58. Ke4 1-0

[Event "TUR-chT Superleague 2018"]
[Site "Ankara"]
[Date "2018.07.28"]
[Round "4"]
[White "Ozturk, Kubra"]
[Black "Mamedjarova, Zeinab"]
[Result "0-1"]
[ECO "E06"]
[WhiteElo "2330"]
[BlackElo "2345"]
[Annotator "NA"]
[PlyCount "118"]
[EventDate "2018.07.25"]
[EventType "team-tourn"]
[EventCountry "TUR"]
[SourceTitle "playchess.com"]
[Source "ChessBase"]
[SourceQuality "1"]
[TimeControl "40/5400+30:1800+30"]

1. d4 d5 2. Nf3 e6 3. c4 Nf6 4. Nc3 Be7 5. g3 O-O 6. Bg2 Nbd7 7. Qb3 Nb6 8. cxd5 exd5 9. O-O Bf5 10. Ne5 a5 11. a3 c6 12. h3 a4 13. Qd1 Nfd7 14. Nd3 h6 15. f4 Bxd3 16. exd3 f5 17. Be3 Bf6 18. Rc1 Qe7 19. Bf2 g6 20. Kh2 Qg7 21. Ne2 Nc8 22. Qd2 Re8 23. Rce1 Nf8 24. Qb4 Qe7 25. Qd2 Ne6 26. g4 Nd6 27. Ng3 Qc7 28. Re5 fxg4 29. hxg4 Nf7 30. Rc1 Nxf4 31. Qxf4 Nxe5 32. dxe5 Bg5 33. Bxd5+ Kh7 34. Qc4 Bxc1 35. Qxc1 Qxe5 36. Be4 Rf8 37. Be3 Rf7 38. Kg2 Raf8 39. d4 Qe6 40. Qh1 Kg8 41. Qxh6 Qxg4 42. Qxg6+ Qxg6 43. Bxg6 Rf3 44. Bc1 Rf2+ 45. Kh3 Kg7 46. Be4 Kf6 47. Nh5+ Ke7 48. Kg3 Rf1 49. Bg5+ Kd7 50. Bg2 Rg1 51. Nf6+ Ke6 52. Ne4 Kf5 53. Nf2 Rxg2+ 54. Kxg2 Kxg5 55. Ne4+ Kf4 56. Nc5 Ke3 57. Nxa4 Kxd4 58. b4 b5 59. Nc5 Ra8 0-1

[Event "TUR-chT Superleague 2018"]
[Site "Ankara"]
[Date "2018.07.28"]
[Round "4"]
[White "Sari, Yasin"]
[Black "Ozen, Bahadir"]
[Result "1/2-1/2"]
[ECO "C45"]
[WhiteElo "2330"]
[BlackElo "2317"]
[Annotator "NA"]
[PlyCount "60"]
[EventDate "2018.07.25"]
[EventType "team-tourn"]
[EventCountry "TUR"]
[SourceTitle "playchess.com"]
[Source "ChessBase"]
[SourceQuality "1"]
[TimeControl "40/5400+30:1800+30"]

1. e4 e5 2. Nf3 Nc6 3. d4 exd4 4. Nxd4 Nf6 5. Nxc6 bxc6 6. e5 Qe7 7. Qe2 Nd5 8. c4 Ba6 9. Nd2 g6 10. Nf3 Qb4+ 11. Kd1 Nb6 12. b3 O-O-O 13. Bg5 Re8 14. Qd2 Qxd2+ 15. Kxd2 Bg7 16. Re1 d5 17. exd6 cxd6 18. Bd3 d5 19. cxd5 Bxd3 20. Kxd3 Nxd5 21. Rxe8+ Rxe8 22. Re1 Rxe1 23. Nxe1 Kc7 24. Nc2 c5 25. Kc4 Kc6 26. Bd2 Nb6+ 27. Kd3 Nd5 28. Kc4 Nb6+ 29. Kd3 Nd5 30. Kc4 Nb6+ 1/2-1/2